 Dungeon Crawl Stone Soup version 0.31-a0-702-gf82c85558f (webtiles) character file.

Game seed: 12665228249119254239

16 qw the Shooter (level 2, -2/17 HPs)
             Began as a Gargoyle Hunter on Sept 8, 2023.
             Slain by a gnoll
             ... wielding a +0 club
              (5 damage)
             ... on level 1 of the Dungeon.
             The game lasted 00:00:09 (372 turns).

qw the Shooter (Gargoyle Hunter)                     Turns: 372, Time: 00:00:09

Health: -2/17      AC:  2    Str: 14    XL:     2   Next: 54%
Magic:  2/2        EV: 12    Int:  9    God:
Gold:   0          SH:  0    Dex: 13    Spells: 1/1 levels left

rFire   . . .        a - +0 shortbow
rCold   . . .        (shield currently unavailable)
rNeg    + . .        (no body armour)
rPois   inf          (no helmet)
rElec   +            (no cloak)
rCorr   .            (no gloves)
SInv    .            (no boots)
Will    .....        (no amulet)
Stlth   +            (no ring)
HPRegen 0.22/turn    (no ring)
MPRegen 0.08/turn

%: no passive effects
@: very slow
A: sickness immunity, AC +2, negative energy resistance 1, electricity
resistance, torment resistance 1, petrification resistance
a: no special abilities


You were on level 1 of the Dungeon.
You visited 1 branch of the dungeon, and saw 1 of its levels.


Innate Abilities, Weirdness & Mutations

You are immune to sickness and miasma.
Your stone body is resilient. (AC +2)
You are immune to poison.
You resist negative energy. (rN+)
You are resistant to electric shocks. (rElec)
You are resistant to unholy torment.
You are immune to petrification.


   Skills:
 - Level 2.1 Fighting
 + Level 4.6 Ranged Weapons
 - Level 1.5 Dodging
 - Level 1.1 Stealth


You had one spell level left.
You didn't know any spells.
Your spell library was empty.

Inventory:

Hand Weapons
 a - a +0 shortbow (weapon)
Armour
 c - a +0 leather armour
 d - a +0 ring mail
Scrolls
 b - a scroll of butterflies
 e - a scroll of blinking {unknown}
Potions
 f - a potion of degeneration {unknown}

Dungeon Overview and Level Annotations

Branches:
Dungeon (1/15)

Altars:


Message History

The endoplasm freezes you.
You are frozen.
The hobgoblin barely misses you.
You shoot an arrow. The arrow hits the hobgoblin!
You kill the hobgoblin!
The endoplasm freezes you.
You are frozen.
You shoot an arrow. The arrow hits the endoplasm!
You kill the endoplasm!
You start resting.
HP restored.
Things that are here:
a +0 short sword; a hobgoblin corpse
f - a green potion
Enter note: A ball python comes into view.
The ball python hisses angrily.
You shoot an arrow. The arrow hits the ball python!
You kill the ball python!
You enter the shallow water.
Moving in this stuff is going to be slow.
A gnoll comes into view. It is wielding a +0 club.
The gnoll shouts!
362 ||| UPGRADING to +0 ring mail.
You start removing your armour.
You continue taking off your +0 leather armour.
You stop removing your armour.
364 ||| UPGRADING to +0 ring mail.
You start removing your armour.
You continue taking off your +0 leather armour. x4
You finish taking off your +0 leather armour.
You start putting on your armour.
You continue putting on your +0 ring mail.
The gnoll hits you with a +0 club!
You continue putting on your +0 ring mail.
The gnoll hits you with a +0 club.
You continue putting on your +0 ring mail.
The gnoll closely misses you.
You continue putting on your +0 ring mail.
The gnoll hits you with a +0 club.
You die...

# #......###...# #.#
###.....###....####.#
).)....#..#.......#.#7777
......#....#...##.#.7P~~77
......#.....##.##.#~~P~~~~
._..%..........##...~~.~~P
..........................
.....#...####.###.........
.....##.## #. 7@~~~......
.....##.# #.7Pg~~~~~P~~~
7~~r~P~~~~~~~
#.7P~~~~~~~~~~
....7~7P~~~~~~P
#...###77~~~~P~ #..#
##~~~7 #. #~7


You could see a gnoll and a rat.

Vanquished Creatures
  3 ball pythons (D:1)
  An endoplasm (D:1)
  4 hobgoblins (D:1)
  A kobold (D:1)
  2 quokkas (D:1)
  A frilled lizard (D:1)
  A rat (D:1)
13 creatures vanquished.

Notes
Turn   | Place    | Note
-------+----------+-------------------------------------------
     0 | D:1      | qw the Gargoyle Hunter began the quest for the Orb.
     0 | D:1      | Reached XP level 1. HP: 12/12 MP: 1/1
     0 | D:1      | 0 ||| qw: Version: 0.3-a-76-g4403597
     0 | D:1      | 0 ||| qw: Game counter: 1266
     0 | D:1      | 0 ||| qw: Melee chars always use a shield: true
     0 | D:1      | 0 ||| qw: God list: Okawaru
     0 | D:1      | 0 ||| qw: Allow faded altars: false
     0 | D:1      | 0 ||| qw: Do Orc after clearing Dungeon:15 true
     0 | D:1      | 0 ||| qw: Do second Lair branch before Depths: true
     0 | D:1      | 0 ||| qw: Lair rune preference: random
     0 | D:1      | 0 ||| qw: Goals: Normal
     0 | D:1      | 0 ||| PLANNING D:1-11
    75 | D:1      | 75 ||| Stepping ~*~*~tactically~*~*~ (water).
   266 | D:1      | Found a faded altar of an unknown god.
   273 | D:1      | Reached XP level 2. HP: 17/17 MP: 2/2
   362 | D:1      | 362 ||| UPGRADING to +0 ring mail.
   364 | D:1      | 364 ||| UPGRADING to +0 ring mail.
   370 | D:1      | HP: 3/17 [gnoll/+0 club (6)]
   372 | D:1      | Slain by a gnoll

Levels and vault maps discovered:
D:1:      dpeg_arrival_more_subterranean_lakeside_camping, layout_loops_ring,
          serial_rivers, chequers_serial_rivers_room_b,
          chequers_serial_rivers_small_b, chequers_serial_rivers_micro_d,
          chequers_serial_rivers_large_a, basic_ecumenical_altar,
          minmay_misc_feat_chi, minmay_misc_feat_cross,
          hangedman_abyss_or_decor_lesser_grid, minivault_4, st_stairs_13,
          serial_bayou_ford_a, grunt_decor_cap, minivault_23

Action                     || total
---------------------------++-------
   Fire: Shortbow          ||    35
 Armour: Skin              ||     3
         Leather armour    ||     2
  Dodge: Dodged            ||     7

Table legend:
 A = Non-vault XP
 B = Vault XP
 C = Vault XP percentage of total XP
 D = Non-vault monster count
 E = Vault monster count
 F = Vault count percentage of total count
                 A         B        C        D         E       F
            +---------+---------+-------+---------+---------+-------
      Total |      22 |       1 |   4.3 |      12 |       1 |   7.7
            +---------+---------+-------+---------+---------+-------
        D:1 |      22 |       1 |   4.3 |      12 |       1 |   7.7
            +---------+---------+-------+---------+---------+-------
